 Dungeon Crawl Stone Soup version 0.24-a0-458-gfcb5e6da0e (webtiles) character file.

Game seed: 12243402109490349465

1043 Ijustatesigmund the Skirmisher (level 8, 0/87 HPs)
             Began as an Ogre Hunter on June 27, 2019.
             Slain by Harold
             ... wielding a +0 short sword
              (19 damage)
             ... on level 7 of the Dungeon.
             The game lasted 00:12:14 (7090 turns).

Ijustatesigmund the Skirmisher (Ogre Hunter)        Turns: 7090, Time: 00:12:14

Health: 0/87       AC:  3    Str: 17      XL:     8   Next: 25%
Magic:  8/8        EV: 10    Int: 12      God:
Gold:   209        SH:  0    Dex:  8 (11) Spells: 7/7 levels left

rFire    + . .     SeeInvis .   a - +0 giant spiked club
rCold    . . .     Gourm    .   (shield currently unavailable)
rNeg     . . .     Faith    .   b - +0 robe (curse)
rPois    .         Spirit   .   (helmet restricted)
rElec    .         Reflect  .   e - scarf {cloud immunity}
rCorr    .         Harm     .   (gloves unavailable)
MR       .....                  (boots unavailable)
Stlth    +.........             (no amulet)
HPRegen  0.24/turn              n - ring of protection from fire
MPRegen  0.11/turn              (no ring)

@: marked
A: large, unfitting armour, tough skin 1
a: no special abilities


You were on level 7 of the Dungeon.
You were hungry.

You visited 1 branch of the dungeon, and saw 6 of its levels.

You collected 209 gold pieces.

Inventory:

Hand Weapons
 a - a +0 giant spiked club (weapon)
 s - a +0 morningstar
Missiles
 c - 3 large rocks
 l - a throwing net (quivered)
 m - 51 poisoned darts
Armour
 b - a cursed +0 robe (worn)
 e - a scarf of cloud immunity (worn)
Jewellery
 n - a ring of protection from fire (left hand)
 u - a cursed amulet of inaccuracy {unknown}
Wands
 r - a wand of enslavement (12)
Scrolls
 d - 2 scrolls of teleportation
 h - a scroll of fear
 i - a scroll of immolation
 j - a scroll of remove curse
 k - 2 scrolls of random uselessness {unknown}
 q - a scroll of amnesia {unknown}
Potions
 g - 2 potions of curing
 o - a potion of invisibility {unknown}
 p - a potion of flight {unknown}
 t - a potion of lignification {unknown}
Comestibles
 f - 8 rations


   Skills:
 - Level 7.5 Fighting
 + Level 6.9 Maces & Flails
 - Level 4.0 Throwing
 - Level 1.7 Dodging
 - Level 0.6 Stealth


You had 7 spell levels left.
You didn't know any spells.
Your spell library was empty.

Dungeon Overview and Level Annotations

Branches:
Dungeon (5/15)             Temple (0/1) D:7

Altars:
Gozag
Sif Muna
Vehumet
Xom

Annotations:
D:4 1 runed translucent door, pk666's ghost, amateur DEWz
D:7 Harold


Innate Abilities, Weirdness & Mutations

You are too large for most types of armour.
You have tough skin. (AC +1)


Message History

You bludgeon Harold!!
Harold is heavily wounded.
Harold closely misses you.
You are feeling hungry.
You hit Harold but do no damage.
Harold is heavily wounded.
Harold barely misses you.
You hit Harold.
Harold is heavily wounded.
A bullfrog comes into view.
Harold hits you but does no damage. Harold hits you with a +0 short sword.
You thump Harold!
Harold is severely wounded.
Harold hits you with a +0 short sword!!
* * * LOW HITPOINT WARNING * * *
A jackal comes into view.
You barely miss Harold.
Harold is severely wounded.
Harold hits you with a +0 short sword!!
You die...

######### ######+##..$....#
.... ................# .....
.h...F@@........+ ...[..
.......##.......#.......
....... #.......#.......
.(..... #.......#.......
....... #.......#.......
....... #.......#.......
....... +.......#....... ..
....#........#.......+.......
........
.......#.......#.......


You could see Harold, a bullfrog and a jackal.

Vanquished Creatures
  Menkaure (D:5)
  2 ogres
  A howler monkey (D:4)
  A quasit (D:7)
  A bullfrog skeleton (D:4)
  2 orc priests (D:4)
  A centaur skeleton (D:4)
  2 hounds
  An iguana (D:5)
  3 orc wizards (D:4)
  Natasha (D:2)
  2 worker ants (D:4)
  9 gnolls
  A howler monkey skeleton (D:4)
  8 adders
  An ooze (D:2)
  2 worms
  3 dart slugs
  4 leopard geckos
  12 orcs
  8 bats
  7 giant cockroaches
  8 hobgoblins
  7 jackals
  11 kobolds
  2 quokkas
  A ball python (D:3)
  9 frilled lizards
  20 goblins
  A jackal skeleton (D:3)
  2 leopard gecko skeletons (D:4)
  13 rats
147 creatures vanquished.

Vanquished Creatures (others)
  An orc (D:5)
1 creature vanquished.

Grand Total: 148 creatures vanquished

Notes
Turn   | Place    | Note
-------+----------+-------------------------------------------
     0 | D:1      | Ijustatesigmund the Ogre Hunter began the quest for the
                  | Orb.
     0 | D:1      | Reached XP level 1. HP: 22/22 MP: 1/1
    30 | D:1      | Reached skill level 3 in Fighting
    95 | D:1      | Reached XP level 2. HP: 19/31 MP: 2/2
   517 | D:1      | Reached skill level 4 in Fighting
   892 | D:1      | Reached XP level 3. HP: 40/40 MP: 3/3
  1264 | D:1      | Reached skill level 5 in Fighting
  1746 | D:2      | Reached XP level 4. HP: 33/52 MP: 4/4
  1886 | D:2      | Reached skill level 6 in Fighting
  2283 | D:2      | Reached XP level 5. HP: 17/61 MP: 5/5
  2752 | D:2      | Noticed Natasha
  2753 | D:2      | Killed Natasha
  2753 | D:2      | Reached skill level 7 in Fighting
  3191 | D:2      | Found a deep blue altar of Sif Muna.
  3191 | D:2      | Found a shimmering altar of Xom.
  3192 | D:2      | Found an opulent altar of Gozag.
  3283 | D:3      | Found a radiant altar of Vehumet.
  3716 | D:3      | Noticed an ogre
  3736 | D:3      | Killed an ogre
  3736 | D:3      | Reached XP level 6. HP: 71/71 MP: 6/6
  4367 | D:4      | Reached XP level 7. HP: 58/78 MP: 7/7
  5069 | D:4      | Found a runed translucent door.
  5070 | D:4      | Noticed pk666's ghost (amateur DEWz)
  5686 | D:4      | Reached skill level 5 in Maces & Flails
  6066 | D:5      | Entered Level 5 of the Dungeon
  6066 | D:5      | Noticed Menkaure
  6073 | D:5      | Killed Menkaure
  6073 | D:5      | Reached XP level 8. HP: 20/87 MP: 8/8
  6712 | D:5      | You fall into a shaft and drop 2 floors!
  6743 | D:7      | Found a staircase to the Ecumenical Temple.
  7077 | D:7      | Noticed Harold
  7090 | D:7      | Slain by Harold

Levels and vault maps discovered:
D:1:      onia_arrival_larder, layout_basic
D:2:      layout_basic, gammafunk_temple_overflow_claw, uniq_natasha
D:3:      layout_rooms, vehumet_crystals, minmay_ogre_servants
D:4:      layout_basic, ebering_ghost_inner_flame
D:5:      layout_rooms, first_ration, uniq_menkaure
D:7:      layout_gridville, minmay_temple_entry_mist, serial_shops, shop,
          chequers_jeans, uniq_harold

Skill      XL: |  1  2  3  4  5  6  7 |
---------------+----------------------+-----
Fighting       | 3 4 5 6 7 |  7.5
Maces & Flails | 2 4 6 |  6.9
Throwing       | |  4.0
Dodging        | |  1.7
Stealth        | |  0.6

Action                   |  1- 3 |  4- 6 |  7- 9 || total
-------------------------+-------+-------+-------++-------
Melee: Short sword       |   168 |   114 |       ||   282
       Flail             |       |    37 |       ||    37
       Mace              |       |    16 |       ||    16
       Giant spiked club |       |    30 |   133 ||   163
Throw: Large rock        |     3 |    10 |     6 ||    19
       Throwing net      |     1 |     1 |       ||     2
Evoke: Wand              |       |       |     2 ||     2
  Use: Scroll            |     5 |     5 |     2 ||    12
       Potion            |       |     2 |     2 ||     4
 Stab: Sleeping          |     2 |     2 |     1 ||     5
  Eat: Chunk             |     2 |     9 |     2 ||    13
       Ration            |       |       |     2 ||     2
Armor: Robe              |    63 |    51 |    29 ||   143
Dodge: Dodged            |    98 |   117 |    88 ||   303

Table legend:
 A = Non-vault XP
 B = Vault XP
 C = Vault XP percentage of total XP
 D = Non-vault monster count
 E = Vault monster count
 F = Vault count percentage of total count
                 A         B        C        D         E       F
            +---------+---------+-------+---------+---------+-------
      Total |    1147 |     343 |  23.0 |     130 |      17 |  11.6
            +---------+---------+-------+---------+---------+-------
        D:1 |      68 |       8 |  10.5 |      32 |       6 |  15.8
        D:2 |     109 |      35 |  24.3 |      32 |       1 |   3.0
        D:3 |      66 |     128 |  66.0 |      18 |       9 |  33.3
        D:4 |     740 |       0 |   0.0 |      34 |       0 |   0.0
        D:5 |     118 |     172 |  59.3 |      13 |       1 |   7.1
        D:7 |      46 |       0 |   0.0 |       1 |       0 |   0.0
            +---------+---------+-------+---------+---------+-------
